 Dungeon Crawl Stone Soup version 0.25.1-2-g60ff931df9 (webtiles) character file.

Game seed: 12905538966237289917

2535 solopath the Frost Mage (level 9, -1/51 HPs)
             Began as a Barachi Ice Elementalist on Oct 31, 2020.
             Was a Priest of Hepliaklqana.
             Slain by a mummy (11 damage)
             ... in an ossuary on Nov 1, 2020.
             The game lasted 00:21:14 (8285 turns).

solopath the Frost Mage (Barachi Ice Elementalist)  Turns: 8285, Time: 00:21:15

Health: -1/51      AC:  3    Str: 10    XL:     9   Next: 55%
Magic:  18/18      EV: 12    Int: 19    God:    Hepliaklqana [***...]
Gold:   127        SH:  0    Dex: 12    Spells: 6/20 levels left

rFire    + . .     SeeInvis .   s - staff of cold
rCold    + + .     Gourm    .   (no shield)
rNeg     . . .     Faith    .   a - +0 robe
rPois    .         Spirit   .   q - +1 hat
rElec    .         Reflect  .   i - scarf {rC+ rF+}
rCorr    .         Harm     .   (no gloves)
MR       .....                  (no boots)
Stlth    +++.......             (no amulet)
HPRegen  0.17/turn              (no ring)
MPRegen  0.16/turn              (no ring)

@: slow
A: +LOS, swims, reduced essence, slowness 1, strong legs 1
a: Hop, Recall Ancestor, Ancestor Identity, Transference, Renounce Religion


You were in an ossuary.
You worshipped Hepliaklqana.
Hepliaklqana was most pleased with you.
You were not hungry.

You visited 2 branches of the dungeon, and saw 8 of its levels.
You also visited: Sewer and Ossuary.

You collected 367 gold pieces.
You spent 240 gold pieces at shops.

Inventory:

Hand Weapons
 d - a +1 dagger
Missiles
 j - 6 javelins (quivered)
Armour
 a - a +0 robe (worn)
 i - a scarf of resistance (worn)
 q - a +1 hat (worn)
Magical Staves
 s - an uncursed staff of cold (weapon)
 u - an uncursed staff of fire {unknown}
Jewellery
 f - an uncursed ring of teleportation
 r - an uncursed ring of wizardry {unknown}
Wands
 k - a wand of polymorph (9)
 y - a wand of iceblast (7)
 z - a wand of digging (5)
Scrolls
 b - 8 scrolls of identify
 h - 5 scrolls of teleportation
 n - a scroll of enchant armour
 o - 2 scrolls of remove curse
 t - a scroll of amnesia
 v - a scroll of enchant weapon
 w - a scroll of fear {unknown}
 A - a scroll of blinking {unknown}
Potions
 e - 2 potions of flight {unknown}
 g - a potion of might
 l - a potion of magic
 m - a potion of invisibility {unknown}
 p - 6 potions of curing
 x - a potion of degeneration {unknown}
 B - a potion of heal wounds
 C - 2 potions of mutation
Comestibles
 c - 14 rations


   Skills:
 + Level 4.1 Staves
 - Level 2.1 Dodging
 + Level 6.2 Stealth
 + Level 6.3 Spellcasting
 * Level 11.1 Ice Magic


You had 6 spell levels left.
You knew the following spells:

 Your Spells              Type           Power        Failure   Level  Hunger
a - Freeze                Ice            ####         1%          1    None
b - Frozen Ramparts       Ice            ######       1%          3    ##.....
c - Summon Ice Beast      Ice/Summ       #####...     11%         4    ####...
d - Hailstorm             Conj/Ice       #####...     11%         4    ####...
e - Ensorcelled Hibernat  Hex/Ice        #####.       1%          2    None

Your spell library contained the following spells:

 Spells                   Type           Power        Failure   Level  Hunger
 Ozocubu's Armour         Chrm/Ice       #####...     3%          3    ##.....
 Animate Skeleton         Necr           N/A          11%         1    None
 Apportation              Tloc           #.....       11%         1    None
 Corona                   Hex            #......      11%         1    None
 Summon Small Mammal      Summ           #...         11%         1    None
 Confusing Touch          Hex            #.......     32%         3    ##.....
 Dazzling Flash           Conj/Hex       #.....       32%         3    ##.....
 Tukima's Dance           Hex            #.......     32%         3    ##.....


Dungeon Overview and Level Annotations

Branches:
Dungeon (7/15)             Temple (1/1) D:4           Sewer (visited)
Ossuary (1/1)

Altars:
Ashenzari
Elyvilon
Fedhas
Hepliaklqana
Okawaru
Ru
Xom
Yredelemnul

Shops:
D:5 :   D:7 ![


Innate Abilities, Weirdness & Mutations

You can be seen from farther away. (+LOS)
You can swim through water.
You cover ground slowly.
You can hop short distances.
Your life essence is reduced to manifest your ancestor. (-10% HP)


Message History

You hit the mummy.
The mummy is heavily damaged.
Tlalli hits the mummy with a +0 quarterstaff!!
The mummy is destroyed!
The mummy hits you.
* * * LOW HITPOINT WARNING * * *
You closely miss the mummy.
The mummy is heavily damaged.
Tlalli casts a spell at the mummy.
The stone arrow misses the mummy.
You hit the mummy.
The mummy is heavily damaged.
Tlalli completely misses the mummy.
The mummy closely misses you.
You hit the mummy.
The mummy is heavily damaged.
Tlalli hits the mummy with a +0 quarterstaff.
You hit the mummy but do no damage.
The mummy is severely damaged.
The mummy hits you!
You die...

####
######..#
#.....@##
+.∩.∩.RM#
#......##
######..#
####


You could see the friendly Tlalli the battlemage and a mummy.

Vanquished Creatures
  An orc warrior (D:6)
  A centaur (D:5)
  An ogre (D:4)
  A bullfrog (D:6)
  A howler monkey (D:6)
  A crimson imp (D:5)
  2 orc priests
  5 hounds
  2 iguanas
  4 orc wizards
  3 worker ants
  A hound skeleton (D:5)
  2 hound zombies
  A mummy (Ossuary)
  4 gnolls (D:6)
  2 river rats (Sewer)
  4 adders
  5 worms
  3 dart slugs
  A leopard gecko (D:1)
  16 orcs
  A ball python (D:1)
  9 bats
  4 giant cockroaches
  7 goblins
  7 hobgoblins
  4 jackals
  3 quokkas
  3 frilled lizards
  A jackal zombie (D:6)
  8 kobolds
  8 rats
116 creatures vanquished.

Vanquished Creatures (collateral kills)
  2 ice beasts
  2 sky beasts (D:5)
  A necrophage (D:7)
  2 ogres
  A bullfrog (D:6)
  A big kobold (Sewer)
  A gnoll sergeant (D:6)
  A scorpion (D:6)
  3 crimson imps
  A jelly (D:6)
  2 hounds (D:4)
  An orc wizard (D:5)
  2 bullfrog skeletons
  2 iguanas
  4 worker ants
  A mummy (Ossuary)
  5 gnolls (D:6)
  4 adders
  A river rat (Sewer)
  2 shadow imps
  A leopard gecko (D:3)
  10 orcs
  3 giant cockroaches
  3 jackals (D:5)
  A kobold (D:3)
  A fungus (D:7)
58 creatures vanquished.

Vanquished Creatures (others)
  An ancestor (Sewer)
1 creature vanquished.

Grand Total: 175 creatures vanquished

Notes
Turn   | Place    | Note
-------+----------+-------------------------------------------
     0 | D:1      | solopath the Barachi Ice Elementalist began the quest for
                  | the Orb.
     0 | D:1      | Reached XP level 1. HP: 13/13 MP: 3/3
   153 | D:1      | Reached skill level 5 in Ice Magic
   439 | D:1      | Reached XP level 2. HP: 17/19 MP: 3/5
   914 | D:1      | Reached XP level 3. HP: 22/24 MP: 1/6
   919 | D:1      | Learned a level 3 spell: Frozen Ramparts
  1692 | D:2      | Found a shattered altar of Ashenzari.
  1902 | D:2      | Found a faded altar of an unknown god.
  1927 | D:2      | Became a worshipper of Hepliaklqana the Forgotten
  1927 | D:2      | Reached * piety under Hepliaklqana
  2259 | D:2      | Found a white marble altar of Elyvilon.
  2262 | D:2      | Found an iron altar of Okawaru.
  2262 | D:2      | Found a sacrificial altar of Ru.
  2262 | D:2      | Found a shimmering altar of Xom.
  2264 | D:2      | Found a shattered altar of Ashenzari.
  2266 | D:2      | Found a hazy altar of Hepliaklqana.
  2617 | D:3      | Reached XP level 4. HP: 19/27 MP: 3/8
  2738 | D:3      | Reached skill level 6 in Ice Magic
  2961 | D:3      | Found a glowing drain.
  2973 | Sewer    | Entered a sewer
  2982 | Sewer    | Reached XP level 5. HP: 23/31 MP: 4/9
  3067 | Sewer    | Reached ** piety under Hepliaklqana
  3068 | Sewer    | Remembered your ancestor Tlalli as a battlemage
  3093 | Sewer    | Noticed a big kobold
  3101 | Sewer    | Killed a big kobold
  3171 | Sewer    | Found a white marble altar of Elyvilon.
  3882 | D:4      | Reached skill level 7 in Ice Magic
  3882 | D:4      | Reached XP level 6. HP: 36/36 MP: 11/11
  4191 | D:4      | Reached XP level 7. HP: 36/41 MP: 10/13
  4378 | D:4      | Reached skill level 8 in Ice Magic
  4597 | D:4      | Found a staircase to the Ecumenical Temple.
  4607 | Temple   | Entered the Ecumenical Temple
  4676 | D:4      | Learned a level 4 spell: Summon Ice Beast
  4681 | D:4      | Learned a level 4 spell: Hailstorm
  4686 | D:5      | Entered Level 5 of the Dungeon
  4765 | D:5      | Reached XP level 8. HP: 9/46 MP: 8/15
  4897 | D:5      | Reached skill level 9 in Ice Magic
  5191 | D:5      | Found Pol Kaurph's Book Boutique.
  5259 | D:5      | Reached skill level 5 in Spellcasting
  5407 | D:5      | Learned a level 2 spell: Ensorcelled Hibernation
  5413 | D:5      | Reached skill level 1 in Staves
  5429 | D:5      | Reached skill level 5 in Stealth
  6223 | D:5      | Reached skill level 10 in Ice Magic
  6377 | D:6      | Reached XP level 9. HP: 11/51 MP: 6/17
  7165 | D:6      | Reached *** piety under Hepliaklqana
  8071 | D:6      | Found a basalt altar of Yredelemnul.
  8173 | D:7      | Found a blossoming altar of Fedhas.
  8195 | D:7      | Found Xuyh's Distillery.
  8203 | D:7      | Reached skill level 11 in Ice Magic
  8212 | D:7      | Bought a potion of curing for 36 gold pieces
  8212 | D:7      | Bought a potion of mutation for 96 gold pieces
  8212 | D:7      | Bought a potion of might for 48 gold pieces
  8212 | D:7      | Bought a potion of heal wounds for 60 gold pieces
  8226 | D:7      | Found Murefig's Antique Armour Boutique.
  8268 | D:7      | Found a sand-covered staircase.
  8273 | Ossuary  | Entered an ossuary
  8285 | Ossuary  | Slain by a mummy

Illustrated notes

Levels and vault maps discovered:
D:1:      co_arrival_random_square_maze, layout_loops_ring, minmay_door_square,
          minmay_misc_feat_iff
D:2:      layout_loops_ring, minitemple, chequers_ecumenical_altar_island,
          evilmike_ruin_ashenzari
D:3:      layout_basic, portal_sewer_entry_f
D:4:      minmay_spotlight, layout_rooms, lemuel_temple_firewalk_b
D:5:      minmay_chambers_of_threes, layout_cave_pools, first_ration,
          serial_shops, nicolae_shop_statue_plus, chequers_serial_rivers_room_a
D:6:      layout_basic, marbit_many_paths
D:7:      layout_basic, eat_drink_and_be_merry_uskayaw, vehumet_statue,
          fedhas_altar_3, serial_shops, shop, shop, nicolae_ossuary_entry_plus
Temple:   hc_temple_tempest_star
Ossuary:  ossuary_minmay_chase

Skill      XL: |  1  2  3  4  5  6  7  8  9 |
---------------+----------------------------+-----
Ice Magic      | 5 6 7 8 10 11 | 11.1
Stealth        | 2 3 4 5 6 |  6.2
Spellcasting   | 3 4 5 6 |  6.3
Staves         | 2 4 |  4.1
Dodging        | |  2.1

Action                   |  1- 3 |  4- 6 |  7- 9 || total
-------------------------+-------+-------+-------++-------
Melee: Unarmed           |     7 |       |       ||     7
       Dagger            |    58 |    36 |     2 ||    96
       Staff             |       |       |   136 ||   136
Throw: Javelin           |       |     2 |       ||     2
 Cast: Freeze            |    45 |    53 |    40 ||   138
       Frozen Ramparts   |       |       |    13 ||    13
       Summon Ice Beast  |       |       |     1 ||     1
       Hailstorm         |       |       |     4 ||     4
       Ensorcelled Hiber |       |       |     3 ||     3
Invok: Recall Ancestor   |     2 |     1 |       ||     3
       Ancestor Identity |     2 |       |     2 ||     4
       Ancestor Life: Ba |       |     1 |       ||     1
  Use: Scroll            |     6 |     1 |     3 ||    10
       Potion            |       |     1 |     1 ||     2
 Stab: Sleeping          |     9 |     4 |     3 ||    16
       Distracted        |       |       |     1 ||     1
  Eat: Chunk             |     6 |     6 |    11 ||    23
       Ration            |       |       |     1 ||     1
Armor: Robe              |    18 |     4 |    20 ||    42
Dodge: Dodged            |    71 |    41 |   105 ||   217
